TOP OF THE 1ST |
Chesapeake Continentals batting - Pitching for Phoenix Hotspur Youth : LHP José Santiago
|
Pitching: LHP José Santiago
|
|
Batting: RHB Rand McNally
|
0-0: Ball 1-0: Foul Ball, location: 2F 1-1: Swinging Strike 1-2: Ground out 5-3 (Groundball, 5)
|
Batting: RHB Dani Durán
|
0-0: Called Strike 0-1: Ground out 6-3 (Groundball, 6)
|
Batting: LHB Dana Waldrip
|
0-0: Called Strike 0-1: Ball 1-1: Foul Ball, location: 2F 1-2: Ball 2-2: Ball 3-2: Fly out, F4 (Line Drive, 4)
|
Top of the 1st over - 0 runs, 0 hits, 0 errors, 0 left on base; Chesapeake 0 - Phoenix Hotspur 0 |
BOTTOM OF THE 1ST |
Phoenix Hotspur Youth batting - Pitching for Chesapeake Continentals : RHP Obadiah Small
|
Pitching: RHP Obadiah Small
|
|
Batting: LHB António Escalante
|
0-0: Ball 1-0: Ball 2-0: Ball 3-0: Called Strike 3-1: Base on Balls
|
Batting: RHB Francisco Arriagada
|
0-0: Called Strike 0-1: Ball 1-1: DOUBLE (Line Drive, 7LM) António Escalante to third Runner from 3rd tries for Home, SAFE, no throw
|
Batting: RHB Solomon Norment
|
0-0: Ball 1-0: Ball 2-0: Foul Ball, location: 2F 2-1: Ball 3-1: Foul Ball, location: 2F 3-2: Ground out 6-3 (Groundball, 6S) Francisco Arriagada to third
|
Batting: RHB Bernardo Rivera
|
0-0: Called Strike 0-1: Hit by Pitch
|
Batting: RHB Carl Tucker
|
0-0: Called Strike 0-1: Swinging Strike 0-2: Ball 1-2: Ball 2-2: Foul Ball, location: 2F 2-2: Foul Ball, location: 2F 2-2: Foul Ball, location: 2F 2-2: Ball 3-2: Fly out, F8 (Flyball, 8LS)
|
Batting: RHB Ryan Pollock
|
0-0: Ball 1-0: Ball 2-0: Ball 3-0: Called Strike 3-1: Base on Balls Bernardo Rivera to second
|
Batting: RHB Eric Conway
|
0-0: Called Strike 0-1: Foul Ball, location: 2F 0-2: Ball 1-2: Ground out 3-1 (Groundball, 34)
|
Bottom of the 1st over - 1 run, 1 hit, 0 errors, 3 left on base; Chesapeake 0 - Phoenix Hotspur 1 |
TOP OF THE 2ND |
Chesapeake Continentals batting - Pitching for Phoenix Hotspur Youth : LHP José Santiago
|
Batting: RHB Arturo Scantlebury
|
0-0: Ball 1-0: Called Strike 1-1: Ball 2-1: Called Strike 2-2: Fly out, F9 (Flyball, 89M)
|
Batting: SHB Dave Atkins
|
0-0: Fly out, F8 (Flyball, 78S)
|
Batting: RHB Tommy Socorro
|
0-0: Ground out 1-3 (Groundball, 13)
|
Top of the 2nd over - 0 runs, 0 hits, 0 errors, 0 left on base; Chesapeake 0 - Phoenix Hotspur 1 |
BOTTOM OF THE 2ND |
Phoenix Hotspur Youth batting - Pitching for Chesapeake Continentals : RHP Obadiah Small
|
Batting: SHB Huey Wood
|
0-0: Ball 1-0: Fly out, F7 (Flyball, 7)
|
Batting: RHB Juan Rivera
|
0-0: Ball 1-0: Swinging Strike 1-1: SOLO HOME RUN (Flyball, 7LD), Distance : 344 ft
|
Batting: LHB António Escalante
|
0-0: Foul Ball, location: 2F 0-1: Swinging Strike 0-2: Fly out, F7 (Flyball, 7LM)
|
Batting: RHB Francisco Arriagada
|
0-0: Ball 1-0: Ball 2-0: Ball 3-0: Called Strike 3-1: Called Strike 3-2: Strikes out swinging
|
Bottom of the 2nd over - 1 run, 1 hit, 0 errors, 0 left on base; Chesapeake 0 - Phoenix Hotspur 2 |
TOP OF THE 3RD |
Chesapeake Continentals batting - Pitching for Phoenix Hotspur Youth : LHP José Santiago
|
Batting: RHB Micheal Lovell
|
0-0: DOUBLE (Line Drive, 3D) - OUT at third base trying to stretch hit.
|
Batting: RHB Rubén Arce
|
0-0: Called Strike 0-1: Ground out 6-3 (Groundball, 6)
|
Batting: SHB Holden Nolan
|
0-0: Called Strike 0-1: Ball 1-1: Foul Ball, location: 2F 1-2: Foul Ball, location: 2F 1-2: Strikes out looking
|
Top of the 3rd over - 0 runs, 1 hit, 0 errors, 0 left on base; Chesapeake 0 - Phoenix Hotspur 2 |
BOTTOM OF THE 3RD |
Phoenix Hotspur Youth batting - Pitching for Chesapeake Continentals : RHP Obadiah Small
|
Batting: RHB Solomon Norment
|
0-0: Ball 1-0: Swinging Strike 1-1: Called Strike 1-2: Ball 2-2: Strikes out swinging
|
Batting: RHB Bernardo Rivera
|
0-0: Called Strike 0-1: Foul Ball, location: 2F 0-2: Fly out, F3 (Popup, 3SF)
|
Batting: RHB Carl Tucker
|
0-0: Ball 1-0: Ball 2-0: Foul Ball, location: 2F 2-1: Ball 3-1: Base on Balls
|
Batting: RHB Ryan Pollock
|
0-0: Ball 1-0: Ball 2-0: Ball 3-0: Called Strike 3-1: Base on Balls Carl Tucker to second
|
Batting: RHB Eric Conway
|
0-0: SINGLE (Groundball, 34D) Carl Tucker to third Ryan Pollock to second Runner from 3rd tries for Home, SAFE, no throw
|
Batting: SHB Huey Wood
|
0-0: Swinging Strike 0-1: Fly out, F7 (Line Drive, 7S)
|
Bottom of the 3rd over - 1 run, 1 hit, 0 errors, 2 left on base; Chesapeake 0 - Phoenix Hotspur 3 |
TOP OF THE 4TH |
Chesapeake Continentals batting - Pitching for Phoenix Hotspur Youth : LHP José Santiago
|
Batting: RHB Rand McNally
|
0-0: Foul Ball, location: 2F 0-1: Ball 1-1: Foul Ball, location: 2F 1-2: Foul Ball, location: 2F 1-2: Foul Ball, location: 2F 1-2: Ball 2-2: Foul Ball, location: 2F 2-2: Ball 3-2: Foul Ball, location: 2F 3-2: Foul Ball, location: 2F 3-2: SOLO HOME RUN (Flyball, 78XD), Distance : 416 ft
|
Batting: RHB Dani Durán
|
0-0: Called Strike 0-1: Swinging Strike 0-2: Strikes out swinging
|
Batting: LHB Dana Waldrip
|
0-0: Called Strike 0-1: Ground out 5-3 (Groundball, 5L)
|
Batting: RHB Arturo Scantlebury
|
0-0: Ball 1-0: Called Strike 1-1: Ball 2-1: Called Strike 2-2: SINGLE (Flyball, 9LS)
|
Batting: SHB Dave Atkins
|
0-0: Ball 1-0: Ball 2-0: Ball 3-0: Base on Balls Arturo Scantlebury to second
|
Batting: RHB Tommy Socorro
|
0-0: Called Strike 0-1: Foul Ball, location: 2F 0-2: Ball 1-2: Ball 2-2: Foul Ball, location: 2F 2-2: Ball 3-2: Base on Balls Arturo Scantlebury to third Dave Atkins to second
|
Batting: RHB Micheal Lovell
|
0-0: Ball 1-0: Ball 2-0: Ball 3-0: Called Strike 3-1: Base on Balls Arturo Scantlebury scores Dave Atkins to third Tommy Socorro to second
|
Batting: RHB Rubén Arce
|
0-0: Ball 1-0: Called Strike 1-1: Fly out, F8 (Flyball, 8RS)
|
Top of the 4th over - 2 runs, 2 hits, 0 errors, 3 left on base; Chesapeake 2 - Phoenix Hotspur 3 |
BOTTOM OF THE 4TH |
Phoenix Hotspur Youth batting - Pitching for Chesapeake Continentals : RHP Obadiah Small
|
Batting: RHB Juan Rivera
|
0-0: Ball 1-0: Foul Ball, location: 2F 1-1: Swinging Strike 1-2: Strikes out swinging
|
Batting: LHB António Escalante
|
0-0: Foul Ball, location: 2F 0-1: DOUBLE (Line Drive, 9LM)
|
Batting: RHB Francisco Arriagada
|
0-0: Ball 1-0: Foul Ball, location: 2F 1-1: Swinging Strike 1-2: Strikes out swinging
|
Batting: RHB Solomon Norment
|
0-0: Foul Ball, location: 2F 0-1: Foul Ball, location: 2F 0-2: Ball 1-2: Foul Ball, location: 2F 1-2: Ball 2-2: Ball 3-2: Foul Ball, location: 2F 3-2: Foul Ball, location: 2F 3-2: SINGLE (Groundball, 25) (infield hit) António Escalante to third
|
Batting: RHB Bernardo Rivera
|
0-0: Called Strike 0-1: SINGLE (Groundball, 4D) António Escalante scores Solomon Norment to second Runner from 2nd tries for 3rd, SAFE, no throw
|
Batting: RHB Carl Tucker
|
0-0: Ball 1-0: Ball 2-0: Fly out, F3 (Line Drive, 3)
|
Bottom of the 4th over - 1 run, 3 hits, 0 errors, 2 left on base; Chesapeake 2 - Phoenix Hotspur 4 |
TOP OF THE 5TH |
Chesapeake Continentals batting - Pitching for Phoenix Hotspur Youth : LHP José Santiago
|
Batting: SHB Holden Nolan
|
0-0: Called Strike 0-1: Foul Ball, location: 2F 0-2: Ball 1-2: Strikes out swinging
|
Batting: RHB Rand McNally
|
0-0: Ball 1-0: Ball 2-0: Foul Ball, location: 2F 2-1: Ball 3-1: Called Strike 3-2: Strikes out looking
|
Batting: RHB Dani Durán
|
0-0: Foul Ball, location: 2F 0-1: Foul Ball, location: 2F 0-2: SINGLE (Line Drive, 7S)
|
Batting: LHB Dana Waldrip
|
0-0: Ball 1-0: Fly out, F2 (Popup, 2R)
|
Top of the 5th over - 0 runs, 1 hit, 0 errors, 1 left on base; Chesapeake 2 - Phoenix Hotspur 4 |
BOTTOM OF THE 5TH |
Phoenix Hotspur Youth batting - Pitching for Chesapeake Continentals : RHP Obadiah Small
|
Batting: RHB Ryan Pollock
|
0-0: Called Strike 0-1: Ball 1-1: Swinging Strike 1-2: Foul Ball, location: 2F 1-2: Ground out 5-3 (Groundball, 56)
|
Batting: RHB Eric Conway
|
0-0: Called Strike 0-1: Foul Ball, location: 2F 0-2: Foul Ball, location: 2F 0-2: SINGLE (Line Drive, 9S)
|
Pitching: RHP Ed Cartmell
|
|
Batting: SHB Huey Wood
|
0-0: Called Strike 0-1: DOUBLE (Line Drive, 9LM) Eric Conway to third
|
Batting: RHB Juan Rivera
|
0-0: Foul Ball, location: 2F 0-1: Ball 1-1: Fly out, F7 (Flyball, 7S) Runner from 3rd tags up, OUT at HOME
|
Bottom of the 5th over - 0 runs, 2 hits, 0 errors, 1 left on base; Chesapeake 2 - Phoenix Hotspur 4 |
TOP OF THE 6TH |
Chesapeake Continentals batting - Pitching for Phoenix Hotspur Youth : LHP José Santiago
|
Batting: RHB Arturo Scantlebury
|
0-0: Called Strike 0-1: Ground out U3 (Groundball, 34)
|
Batting: SHB Dave Atkins
|
0-0: Ball 1-0: Foul Ball, location: 2F 1-1: Called Strike 1-2: Ball 2-2: Ball 3-2: Base on Balls
|
Batting: RHB Tommy Socorro
|
0-0: Fly out, F3 (Popup, 23F)
|
Batting: RHB Micheal Lovell
|
0-0: SINGLE (Line Drive, 7LS) Dave Atkins to second
|
Batting: RHB Rubén Arce
|
0-0: TRIPLE (Flyball, 9D) Dave Atkins scores Micheal Lovell scores
|
Batting: SHB Holden Nolan
|
0-0: Ball 1-0: Ball 2-0: Called Strike 2-1: Ball 3-1: Foul Ball, location: 2F 3-2: Fly out, F6 (Popup, 6D)
|
Top of the 6th over - 2 runs, 2 hits, 0 errors, 1 left on base; Chesapeake 4 - Phoenix Hotspur 4 |
BOTTOM OF THE 6TH |
Phoenix Hotspur Youth batting - Pitching for Chesapeake Continentals : RHP Ed Cartmell
|
Batting: LHB António Escalante
|
0-0: Ball 1-0: Foul Ball, location: 2F 1-1: Swinging Strike 1-2: Ball 2-2: SINGLE (Groundball, 4D)
|
Batting: RHB Francisco Arriagada
|
0-0: Ball 1-0: Ball 2-0: Called Strike 2-1: Fly out, F3 (Popup, 23)
|
Batting: RHB Solomon Norment
|
0-0: Ball 1-0: Ball 2-0: Foul Ball, location: 2F 2-1: Ball 3-1: Called Strike 3-2: SINGLE (Line Drive, 34D) António Escalante to second Runner from 2nd tries for 3rd, OUT! Solomon Norment to second
|
Batting: RHB Bernardo Rivera
|
0-0: Ground out 3-1 (Groundball, 34S)
|
Bottom of the 6th over - 0 runs, 2 hits, 0 errors, 1 left on base; Chesapeake 4 - Phoenix Hotspur 4 |
TOP OF THE 7TH |
Chesapeake Continentals batting - Pitching for Phoenix Hotspur Youth : LHP José Santiago
|
Batting: RHB Rand McNally
|
0-0: Ball 1-0: Ball 2-0: Ball 3-0: Base on Balls
|
Pinch Hitting: RHB Alejandro Pérez
|
0-0: Sac Bunt - play at first, batter OUT! 2-4 Rand McNally to second
|
Batting: LHB Dana Waldrip
|
0-0: Called Strike 0-1: Called Strike 0-2: Ball 1-2: Foul Ball, location: 2F 1-2: Ball 2-2: Foul Ball, location: 2F 2-2: Ball 3-2: Ground out 6-3 (Groundball, 6) Rand McNally to third
|
Batting: RHB Arturo Scantlebury
|
Balk! Rand McNally scores 0-0: Foul Ball, location: 2F 0-1: Ball 1-1: DOUBLE (Line Drive, 8RXD)
|
Batting: SHB Dave Atkins
|
0-0: Ball 1-0: Foul Ball, location: 2F 1-1: Ball 2-1: Ball 3-1: Foul Ball, location: 2F 3-2: Foul Ball, location: 2F 3-2: Base on Balls
|
Pitching: RHP Vernon Turner
|
|
Batting: RHB Tommy Socorro
|
0-0: Swinging Strike 0-1: Swinging Strike 0-2: Fly out, F3 (Popup, 3S)
|
Top of the 7th over - 1 run, 1 hit, 0 errors, 2 left on base; Chesapeake 5 - Phoenix Hotspur 4 |
BOTTOM OF THE 7TH |
Phoenix Hotspur Youth batting - Pitching for Chesapeake Continentals : RHP Ed Cartmell
|
Now in RF: Carlos Rúbio
|
|
Batting: RHB Carl Tucker
|
0-0: Called Strike 0-1: Called Strike 0-2: Ball 1-2: Foul Ball, location: 2F 1-2: Ball 2-2: Ball 3-2: SOLO HOME RUN (Line Drive, 9D), Distance : 374 ft
|
Batting: RHB Ryan Pollock
|
0-0: Ball 1-0: SINGLE (Line Drive, 4MD)
|
Batting: RHB Eric Conway
|
0-0: Ball 1-0: Ball 2-0: Ball 3-0: Base on Balls Ryan Pollock to second
|
Batting: SHB Huey Wood
|
0-0: DOUBLE (Flyball, 78D) Ryan Pollock scores Eric Conway to third
|
Pinch Hitting: LHB Kenny Scott
|
0-0: Ball 1-0: Ground out 4-3 (Groundball, 4MD)
|
Batting: LHB António Escalante
|
0-0: Intentional Walk
|
Batting: RHB Francisco Arriagada
|
0-0: Called Strike 0-1: Fly out, F7 (Flyball, 78S) Throwing error, E7 Eric Conway scores Huey Wood to third António Escalante to second
|
Batting: RHB Solomon Norment
|
0-0: Ball 1-0: Called Strike 1-1: Swinging Strike 1-2: Strikes out swinging
|
Bottom of the 7th over - 3 runs, 3 hits, 1 error, 2 left on base; Chesapeake 5 - Phoenix Hotspur 7 |
TOP OF THE 8TH |
Chesapeake Continentals batting - Pitching for Phoenix Hotspur Youth : RHP Vernon Turner
|
Now in RF: Kenny Scott
|
|
Batting: RHB Micheal Lovell
|
0-0: Ball 1-0: Called Strike 1-1: Fly out, F9 (Flyball, 9LM)
|
Batting: RHB Rubén Arce
|
0-0: Called Strike 0-1: Foul Ball, location: 2F 0-2: Foul Ball, location: 2F 0-2: Ball 1-2: Ground out 6-3 (Groundball, 6)
|
Batting: SHB Holden Nolan
|
0-0: Ball 1-0: Swinging Strike 1-1: SINGLE (Line Drive, 56)
|
Batting: RHB Rand McNally
|
0-0: Called Strike 0-1: Foul Ball, location: 2F 0-2: Strikes out swinging
|
Top of the 8th over - 0 runs, 1 hit, 0 errors, 1 left on base; Chesapeake 5 - Phoenix Hotspur 7 |
BOTTOM OF THE 8TH |
Phoenix Hotspur Youth batting - Pitching for Chesapeake Continentals : RHP Ed Cartmell
|
Pitching: RHP Juan Costello
|
|
Batting: RHB Bernardo Rivera
|
0-0: Foul Ball, location: 2F 0-1: Hit by Pitch
|
Batting: RHB Carl Tucker
|
0-0: Grounds into double play, 6-4-3 (Groundball, 6)
|
Batting: RHB Ryan Pollock
|
0-0: Called Strike 0-1: Called Strike 0-2: Strikes out swinging
|
Bottom of the 8th over - 0 runs, 0 hits, 0 errors, 0 left on base; Chesapeake 5 - Phoenix Hotspur 7 |
TOP OF THE 9TH |
Chesapeake Continentals batting - Pitching for Phoenix Hotspur Youth : RHP Vernon Turner
|
Pitching: RHP Kenny Kawaguchi
|
|
Batting: RHB Carlos Rúbio
|
0-0: Ground out 5-3 (Groundball, 56)
|
Batting: LHB Dana Waldrip
|
0-0: Ball 1-0: SINGLE (Groundball, 6D)
|
Batting: RHB Arturo Scantlebury
|
0-0: Ball 1-0: Ball 2-0: Called Strike 2-1: Foul Ball, location: 2F 2-2: Ball 3-2: Strikes out swinging
|
Batting: SHB Dave Atkins
|
0-0: Ball 1-0: Ball 2-0: Fly out, F7 (Line Drive, 7)
|
Top of the 9th over - 0 runs, 1 hit, 0 errors, 1 left on base; Chesapeake 5 - Phoenix Hotspur 7 |
|